 Dungeon Crawl Stone Soup version 0.19.1 (webtiles) character file.

156 Faustar the Ruffian (level 5, -2/48 HPs)
             Began as a Troll Transmuter on Dec 22, 2016.
             Slain by a hound (3 damage)
             ... on level 3 of the Dungeon.
             The game lasted 00:02:23 (1686 turns).

Faustar the Ruffian (Troll Transmuter)              Turns: 1686, Time: 00:02:24

Health: -2/48      AC:  5    Str: 19    XL:     5   Next: 15%
Magic:  6/6        EV: 10    Int:  9    God:
Gold:   128        SH:  0    Dex: 10    Spells: 1 memorised, 5 levels left

rFire  . . .     SeeInvis .       - Unarmed
rCold  . . .     Gourm    +     b - +0 robe
rNeg   + . .     Faith    +     (no shield)
rPois  .         Spirit   .     (helmet restricted)
rElec  .         Reflect  .     (no cloak)
rCorr  .         Harm     .     (gloves unavailable)
MR     .....                    (boots unavailable)
Stlth  ++........               o - amulet of faith
                                u - ring of stealth
                                s - ring of positive energy

@: no status effects
A: unfitting armour, claws 3, fast metabolism 3, gourmand, regeneration 1,
shaggy fur 1, tough skin 2
a: no special abilities


You were on level 3 of the Dungeon.
You were completely stuffed.

You visited 1 branch of the dungeon, and saw 3 of its levels.

You collected 128 gold pieces.

Inventory:

Missiles
 a - 12 arrows
Armour
 b - a +0 robe (worn)
Jewellery
 o - an amulet of faith (around neck)
 s - a ring of positive energy (left claw)
 u - a ring of stealth (right claw)
Scrolls
 e - 3 scrolls of amnesia {unknown}
 j - a scroll of teleportation {unknown}
 m - a scroll of recharging {unknown}
 n - a scroll of noise {unknown}
 p - a scroll of fear {unknown}
 r - 2 scrolls of blinking {unknown}
 t - a scroll of identify {unknown}
Potions
 i - a potion of degeneration {unknown}
 k - a potion of curing {unknown}
 l - a potion of invisibility {unknown}
Books
 c - a book of Changes

   Spells                             Type                      Level
   a - Beastly Appendage              Transmutation                1
   b - Sticks to Snakes               Transmutation                2
   c - Spider Form                    Transmutation/Poison         3
   d - Ice Form                       Ice/Transmutation            4
   e - Blade Hands                    Transmutation                5
Comestibles
 d - 2 bread rations
 f - 5 fruits
 g - a meat ration
 h - 2 beef jerkies


   Skills:
 + Level 1.0 Fighting
 + Level 2.5 Dodging
 + Level 0.1 Stealth
 + Level 4.9 Unarmed Combat
 + Level 1.4 Spellcasting
 + Level 1.6 Transmutations


You had 5 spell levels left.
You knew the following spells:

 Your Spells              Type           Power        Failure   Level  Hunger
a - Beastly Appendage     Tmut           #.....       21%         1    ##.....


Dungeon Overview and Level Annotations

Branches:
Dungeon (3/15)

Altars:
Trog


Innate Abilities, Weirdness & Mutations

You are too large for most types of armour.
You have claws for hands.
Your metabolism is lightning-fast.
You like to eat raw meat.
Your natural rate of healing is unusually fast.
You are covered in fur. (AC +1)
You have very tough skin. (AC +2)


Message History

You have reached level 5!
The hound closely misses you. The gnoll hits you with a halberd.
The hound barely misses you.
You scratch the gnoll.
The gnoll is lightly wounded.
The hound bites you.
You scratch the gnoll.
The gnoll is moderately wounded.
The gnoll hits you with a halberd!
* * * LOW HITPOINT WARNING * * *
The hound bites you.
* * * LOW HITPOINT WARNING * * *
You claw the gnoll!
You kill the gnoll!
Your Fighting skill increases to level 1!
The hound bites you.
* * * LOW HITPOINT WARNING * * *
The hound bites you but does no damage. The hound bites you.
You die...

##..........#.####.#####.##......
............))†>.................
##..######.##.####.#####.#.......
#.. #.##............#...... #.
#.##................#.# #
#.##..P.P...###.#...#.#
####'###.........#.# #...+
#.###.##..#.# #.h@# #.# #.##....#
#...+ #.# #.###.### ##### #.# #.#
#.# #..###.###.# #..........#
....###.....# ## #####.####
#..... #.####


You could see a hound.

Vanquished Creatures
  A hound (D:3)
  Robin (D:3)
  A gnoll (D:3)
  4 adders
  An ooze (D:1)
  A worm (D:2)
  A dart slug (D:1)
  3 ball pythons
  A giant cockroach (D:2)
  12 goblins
  10 hobgoblins
  6 jackals (D:2)
  3 kobolds
  4 bats
  5 frilled lizards (D:1)
  5 rats
59 creatures vanquished.

Notes
Turn   | Place    | Note
-------+----------+-------------------------------------------
     0 | D:1      | Faustar the Troll Transmuter began the quest for the Orb.
     0 | D:1      | Reached XP level 1. HP: 18/18 MP: 1/1
   106 | D:1      | Reached XP level 2. HP: 26/26 MP: 3/3
   488 | D:2      | Reached XP level 3. HP: 31/32 MP: 4/4
   498 | D:2      | Reached skill level 4 in Unarmed Combat
  1125 | D:2      | Reached XP level 4. HP: 39/40 MP: 5/5
  1444 | D:2      | Found a bloodstained altar of Trog.
  1569 | D:3      | Noticed Robin
  1574 | D:3      | Killed Robin
  1682 | D:3      | Reached XP level 5. HP: 22/46 MP: 6/6
  1685 | D:3      | Reached skill level 1 in Fighting
  1685 | D:3      | HP: 1/48 [hound (5)]
  1686 | D:3      | Slain by a hound

Skill      XL: |  1  2  3  4  5 |
---------------+----------------+-----
Unarmed Combat | 4 |  4.9
Dodging        | 2 |  2.5
Fighting       | 1 |  1.0
Stealth        | |  0.1
Spellcasting   | |  1.4
Transmutations | |  1.6

Action                   |  1- 3 |  4- 6 || total
-------------------------+-------+-------++-------
Melee: Unarmed           |    87 |    65 ||   152
  Eat: Chunk             |    14 |     7 ||    21
Armor: Robe              |    32 |    33 ||    65
Dodge: Dodged            |    48 |    43 ||    91
